AoeStats
← Marbas

Four Lakes

507857670Analyzed
1v1 RM · 12d ago on Sep 20, 2026· 31m 12s· 2 players
Game mode
Random Map
Map size
Tiny (2 player)
Population
200
Speed
Normal
Resources
Standard
Victory
Conquest
Starting age
Dark Age
Ending age
Imperial Age
RankedLock teamsTeams togetherTeam positionsShared explorationLock speedFull tech treeHidden civsTurbo modeCheats
Victory
Defeat
🇷🇺 Malay · Russia
1778
+20
🇦🇷 Hindustanis · Argentina
1860
-20
Marbas
8:20 Loom
10:31 Feudal Age
10:07 Double-Bit Axe
12:20 Fletching
19:21 Castle Age
19:23 Bow Saw
19:16 Bodkin Arrow
19:32 Crossbowman
20:29 Gold Mining
22:37 Padded Archer Armor
23:29 Scale Barding Armor
24:12 Town Watch
26:19 Horse Collar
32:22 Imperial Age
30:42 Leather Archer Armor
PipeTeGana
10:16 Feudal Age
10:35 Loom
15:38 Castle Age
13:40 Fishing Lines
14:29 Padded Archer Armor
20:05 Scale Mail Armor
20:12 Double-Bit Axe
23:39 Bow Saw
24:05 Medium Warships
24:19 Forging
23:53 Horse Collar
25:55 Chain Mail Armor
26:53 Fletching
27:56 Bodkin Arrow
30:18 Gillnets
32:16 Wheelbarrow
Connection lost

Rejoining the realm…

Still unreachable

The connection could not be restored.

Session expired

The server has moved on; the page needs a fresh start.